 Dungeon Crawl Stone Soup version 0.29.1-2-gbd0b4ee654 (webtiles) character file.

Game seed: 6556383113292743842

47 concernfroge the Trooper (level 3, -4/31 HPs)
             Began as a Mummy Monk on Nov 26, 2022.
             Killed from afar by Sigmund (7 damage)
             ... with a puff of flame
             ... on level 3 of the Dungeon.
             The game lasted 00:04:21 (1860 turns).

concernfroge the Trooper (Mummy Monk)               Turns: 1860, Time: 00:04:21

Health: -4/31      AC:  5    Str: 19    XL:     3   Next: 48%
Magic:  3/3        EV: 11    Int:  9    God:
Gold:   127        SH:  3    Dex: 16    Spells: 2/2 levels left

rFire   x . .      SeeInvis .   a - +0 spear
rCold   + . .      Faith    .   g - +0 buckler
rNeg    + + +      Spirit   .   e - +0 ring mail
rPois   ∞          Reflect  .   (no helmet)
rElec   .          Harm     .   (no cloak)
rCorr   .          Rampage  .   (no gloves)
Will    .....                   (no boots)
Stlth   +.........              (no amulet)
HPRegen 0.10/turn               j - ring "Gojam" {rPois Str+3 Dex+2}
MPRegen 0.08/turn               (no ring)

@: about to teleport
A: cold resistance 1, negative energy resistance 3, torment resistance 2, heat
vulnerability 1, in touch with death 1, no potions
a: no special abilities


You were on level 3 of the Dungeon.
You visited 1 branch of the dungeon, and saw 3 of its levels.

You collected 127 gold pieces.

Inventory:

Hand Weapons
 a - a +0 spear (weapon)
 i - a +1 antimagic short sword
Missiles
 f - 2 poisoned darts (quivered)
Armour
 e - a +0 ring mail (worn)
 g - a +0 buckler (worn)
Jewellery
 j - the ring "Gojam" (left hand) {rPois Str+3 Dex+2}
   (You found it on level 3 of the Dungeon)

   [ring of poison resistance]

   Str:       It affects your strength (+3).
   Dex:       It affects your dexterity (+2).
   rPois:     It protects you from poison.
Scrolls
 b - a scroll of enchant armour
 c - a scroll of identify
 d - a scroll of magic mapping
 h - 4 scrolls of teleportation


   Skills:
 + Level 4.5 Fighting
 - Level 2.4 Polearms
 - Level 2.4 Dodging
 - Level 1.5 Stealth


You had 2 spell levels left.
You didn't know any spells.
Your spell library was empty.

Dungeon Overview and Level Annotations

Branches:
Dungeon (3/15)

Altars:

Shops:
D:1 :

Annotations:
D:3 Robin, Sigmund


Innate Abilities, Weirdness & Mutations

You are immune to poison.
Your flesh is cold resistant. (rC+)
You are immune to negative energy. (rN+++)
You are immune to unholy pain and torment.
You are vulnerable to heat. (rF-)
You are in touch with the powers of death.
You do not drink.


Message History

You hear a shout!
You hit the goblin.
You kill the goblin!
You hit the hobgoblin.
The hobgoblin is severely wounded.
The hobgoblin hits you but does no damage.
The hobgoblin barely misses you.
You hit the hobgoblin.
You kill the hobgoblin!
A goblin comes into view. It is wielding a +0 dagger.
You hit the goblin.
The goblin is moderately wounded.
The goblin unwields a +0 sling.
The goblin wields a +0 dagger.
The goblin barely misses you. Something hits you.
You closely miss the goblin.
The goblin is moderately wounded.
You block the goblin's attack.
A dart slug comes into view.
You hit the goblin.
You kill the goblin!
Something hits you!
You are too injured to fight recklessly!
You are too injured to fight recklessly!
You puncture the goblin!
You kill the goblin!
The dart slug launches a dart at you.
The slug dart hits something.
Something hits you.
As you read the scroll labelled VAXIJI KYOPUAD, it crumbles to dust.
It is a scroll of identify.
b - a scroll of enchant armour
As you read the scroll of identify, it crumbles to dust.
d - a scroll of magic mapping Something hits you!
* * * LOW HITPOINT WARNING * * *
As you read the scroll of teleportation, it crumbles to dust.
You feel strangely unstable.
You hear some strange, mumbled words.
A puff of flame appears from out of thin air!
The puff of flame hits you! The fire burns you terribly!
You die...

### #.. #.# #.# #.#
#.### #.#.. #@#.##
#.#..# # .
#{#.##.#.....#...<
#.g...............
......##.....##+##.....
......#......# #.....
......#..w...# #.....
......#...#...g #.....
......#...########.....


You could see a hobgoblin.

Vanquished Creatures
  A dart slug (D:1)
  2 orcs
  An endoplasm (D:2)
  A giant cockroach (D:1)
  7 goblins
  3 hobgoblins
  2 jackals (D:1)
  3 quokkas
  4 ball pythons
  4 bats
  4 frilled lizards (D:1)
  6 kobolds
  3 rats
41 creatures vanquished.

Notes
Turn   | Place    | Note
-------+----------+-------------------------------------------
     0 | D:1      | concernfroge the Mummy Monk began the quest for the Orb.
     0 | D:1      | Reached XP level 1. HP: 18/18 MP: 1/1
   288 | D:1      | Reached XP level 2. HP: 24/24 MP: 2/2
   411 | D:1      | Found Sorrab's Book Shop.
   502 | D:1      | Reached skill level 4 in Fighting
  1032 | D:2      | Gained mutation: You are in touch with the powers of death.
                  | [Mummy growth]
  1032 | D:2      | Reached XP level 3. HP: 30/30 MP: 3/3
  1801 | D:3      | Identified the ring "Gojam" {rPois Str+3 Dex+2}
  1833 | D:3      | Noticed Sigmund
  1839 | D:3      | Noticed Robin
  1860 | D:3      | Killed from afar by Sigmund

Illustrated notes

Levels and vault maps discovered:
D:1:      dpeg_arrival_chambers_temple_mockup, layout_rooms, serial_shops,
          nicolae_shop_statue_plus
D:2:      layout_loops_ring
D:3:      layout_basic, uniq_sigmund, uniq_robin

Skill      XL: |  1  2 |
---------------+-------+-----
Fighting       | 4 |  4.5
Polearms       | |  2.4
Dodging        | |  2.4
Stealth        | |  1.5

Action                   || total
-------------------------++-------
Melee: Spear             ||   186
       Punch             ||     2
  Use: Scroll            ||     4
 Stab: Sleeping          ||     4
Armor: Leather armour    ||    23
       Ring mail         ||    21
Dodge: Dodged            ||    88
Block: Buckler           ||    15
